 Dungeon Crawl Stone Soup version 0.30-a0-137-gd8773701ce (webtiles) character file.

Game seed: 15597765725606376309

167 ragingrage the Gusty (level 5, -9/28 HPs)
             Began as a Tengu Air Elementalist on Sept 21, 2022.
             Mangled by an ogre
             ... wielding a +0 giant club
              (34 damage)
             ... on level 4 of the Dungeon.
             The game lasted 00:03:54 (3502 turns).

ragingrage the Gusty (Tengu Air Elementalist)       Turns: 3502, Time: 00:03:54

Health: -9/28      AC:  2    Str:  9    XL:     5   Next: 48%
Magic:  4/10       EV: 14    Int: 17    God:
Gold:   228        SH:  0    Dex: 14    Spells: 4/10 levels left

rFire   . . .      SeeInvis .    t - staff of poison
rCold   . . .      Faith    .    (no shield)
rNeg    . . .      Spirit   .    a - +0 robe
rPois   +          Reflect  .    (helmet restricted)
rElec   .          Harm     .    (no cloak)
rCorr   .          Rampage  .    (no gloves)
Will    .....                    (boots unavailable)
Stlth   ++........               (no amulet)
HPRegen 0.09/turn                (no ring)
MPRegen 0.12/turn                (no ring)

@: flying quickly and evasively, quick
A: beak, talons 3, nimble flight
a: no special abilities


You were on level 4 of the Dungeon.
You visited 1 branch of the dungeon, and saw 4 of its levels.

You collected 228 gold pieces.

Inventory:

Hand Weapons
 g - a +0 dagger
 v - a +2 antimagic short sword
Armour
 a - a +0 robe (worn)
Magical Staves
 t - a staff of poison (weapon)
Jewellery
 d - a +6 ring of intelligence
 j - an amulet of reflection
 r - a +6 ring of strength
Scrolls
 c - 6 scrolls of identify {unknown}
 e - a scroll of poison {unknown}
 k - a scroll of acquirement {unknown}
 o - a scroll of immolation {unknown}
 p - 2 scrolls of noise {unknown}
 s - a scroll of fear {unknown}
 u - a scroll of enchant armour {unknown}
Potions
 b - a potion of magic
 f - a potion of mutation {unknown}
 h - a potion of haste {unknown}
 i - a potion of might {unknown}
 l - a potion of heal wounds {unknown}
 m - a potion of curing {unknown}
 n - 2 potions of brilliance {unknown}
 q - a potion of invisibility {unknown}


   Skills:
 - Level 2.1 Dodging
 - Level 2.0 Stealth
 + Level 3.3 Spellcasting
 + Level 4.0 Conjurations
 + Level 5.6 Air Magic


You had 4 spell levels left.
You knew the following spells:

 Your Spells              Type           Power      Damage    Failure   Level
a - Shock                 Conj/Air       76%        1d7       2%          1
b - Static Discharge      Conj/Air       38%        2-4/arc   3%          2
c - Swiftness             Air            21%        N/A       4%          3

Your spell library contained the following spells:

 Spells                   Type           Power      Damage    Failure   Level
 Airstrike                Air            10%        2d(2-18)  17%         4


Dungeon Overview and Level Annotations

Branches:
Dungeon (4/15)
 Temple: D:4-7

Altars:
Makhleb


Innate Abilities, Weirdness & Mutations

You have a beak for a mouth.
You have claws for feet.
Your magical nature lets you fly swiftly and evasively.


Message History

The hobgoblin is moderately wounded.
The hobgoblin closely misses you.
You miscast Shock.
You are very lightly contaminated with residual magic.
Nothing appears to happen.
The hobgoblin barely misses you.
A hobgoblin is nearby!
You hit the hobgoblin but do no damage.
The hobgoblin is moderately wounded.
The hobgoblin closely misses you. The hobgoblin barely misses you.
You hit the hobgoblin.
You kill the hobgoblin!
You start resting.
Your magical contamination has completely faded away.
Magic restored.
You see here an iguana corpse.
An ogre comes into view. It is wielding a +0 giant club.
An ogre is nearby!
The zap hits the ogre.
The ogre is lightly wounded.
You miscast Shock.
You are very lightly contaminated with residual magic.
Nothing appears to happen.
The zap hits the ogre!
The ogre is heavily wounded.
The zap hits the ogre.
The ogre is heavily wounded.
Your magical contamination has completely faded away.
The zap hits the ogre.
The ogre is heavily wounded.
Casting: Shock (safe; 2% risk of failure)
Confirm with . or Enter, or press ? or * to list all spells.
The ogre is struck by an arc of lightning.
The ogre is severely wounded.
You are struck by an arc of lightning.
The ogre is struck by an arc of lightning.
The ogre is almost dead.
You are struck by an arc of lightning.
The lightning grounds out.
The ogre hits you with a +0 giant club!!
Ouch! That really hurt!
You die...

##...##########
#.............#
#...<(........#
#........†....#
#.............+
#.............#
##...##...##.## #
##...#######.##...#
#.....@O............
#...................
#...................
##...##.####....####
#... #.# #....#
#.... ... .......
#... .... ........
#........# .......


You could see an ogre.

Vanquished Creatures
  2 iguanas (D:4)
  2 gnolls (D:3)
  4 adders
  A worm (D:3)
  A dart slug (D:1)
  A bat (D:1)
  7 endoplasms
  4 giant cockroaches
  10 goblins
  2 hobgoblins
  3 jackals (D:2)
  3 quokkas
  7 ball pythons
  3 frilled lizards (D:1)
  3 kobolds
53 creatures vanquished.

Notes
Turn   | Place    | Note
-------+----------+-------------------------------------------
     0 | D:1      | ragingrage the Tengu Air Elementalist began the quest for
                  | the Orb.
     0 | D:1      | Reached XP level 1. HP: 10/10 MP: 4/4
   201 | D:1      | Reached XP level 2. HP: 15/15 MP: 3/6
   685 | D:1      | Reached XP level 3. HP: 19/19 MP: 5/7
  1750 | D:2      | Reached XP level 4. HP: 19/24 MP: 5/9
  1753 | D:2      | Learned a level 2 spell: Static Discharge
  1757 | D:2      | Learned a level 3 spell: Swiftness
  2374 | D:3      | Reached skill level 5 in Air Magic
  2946 | D:3      | Found a burning altar of Makhleb.
  3124 | D:4      | Gained mutation: Your magical nature lets you fly swiftly
                  | and evasively. [Tengu growth]
  3124 | D:4      | Reached XP level 5. HP: 28/28 MP: 8/10
  3490 | D:4      | Noticed an ogre
  3502 | D:4      | Mangled by an ogre

Illustrated notes

Levels and vault maps discovered:
D:1:      wander_arrival_lonely_grave, layout_basic
D:2:      layout_basic, serial_glass, glass_columns_b, glass_columns_a
D:3:      layout_rooms, lemuel_tele_altar
D:4:      layout_gridville, uniq_crazy_yiuf_cottage, uniq_ijyb, uniq_menkaure

Skill      XL: |  1  2  3  4  5 |
---------------+----------------+-----
Conjurations   | 2 3 4 |  4.0
Air Magic      | 5 |  5.6
Spellcasting   | 3 |  3.3
Dodging        | |  2.1
Stealth        | |  2.0

Action                   |  1- 3 |  4- 6 || total
-------------------------+-------+-------++-------
Melee: Unarmed           |     3 |       ||     3
       Kick              |     2 |       ||     2
       Peck              |     4 |       ||     4
       Dagger            |     8 |       ||     8
       Staff             |       |     2 ||     2
 Cast: Shock             |    69 |    67 ||   136
       Static Discharge  |       |     3 ||     3
Armor: Robe              |     8 |     2 ||    10
Dodge: Dodged            |    11 |     8 ||    19

Table legend: (Time is in decaauts)
 A = Elapsed time spent in this place.
 B = Non-inter-level travel time spent in this place.
 C = Inter-level travel time spent in this place.
 D = Time resting spent in this place.
 E = Time spent auto-exploring this place.
 F = Levels seen in this place.
 G = Mean time per level.
                   A        B        C        D        E       F      G
               +--------+--------+--------+--------+--------+-----+--------+
         Total |   3497 |   3415 |     82 |    751 |   2289 |   4 |  874.2 |
       Dungeon |   3497 |   3415 |     82 |    751 |   2289 |   4 |  874.2 |
               +--------+--------+--------+--------+--------+-----+--------+

Top non-repeatable levels by time:
     D:1: 1378 daAuts
     D:2: 927 daAuts
     D:3: 811 daAuts
     D:4: 379 daAuts
